 Dungeon Crawl Stone Soup version 0.31.0-4-g52a2dc7128 (webtiles) character file.

Game seed: 12627398662737646266

13181 dorian the Basher (level 12, -10/118 (130) HPs)
             Began as an Oni Gladiator on Jan 21, 2024.
             Was an Elder of Okawaru.
             Shot with a bolt by a minotaur (36 damage)
             ... in a Gauntlet.
             The game lasted 00:20:43 (13673 turns).

dorian the Basher (Oni Gladiator)                  Turns: 13673, Time: 00:20:44

HP:   -10/118 (130) AC: 11    Str: 25    XL:     12   Next: 3%
MP:   18/18         EV: 11    Int:  9    God:    Okawaru [****..]
Gold: 1021          SH:  0    Dex: 10    Spells: 11/11 levels left

rFire   . . .        a - +1 flail (freeze)
rCold   + . .        (no shield)
rNeg    . . .        L - +0 acid dragon scales
rPois   +            r - +1 hat of Deticw {*Slow rPois rF+ Will+}
rElec   .            x - +0 cloak
rCorr   +            (gloves unavailable)
SInv    .            (boots unavailable)
Will    ++...        A - amulet of magic regeneration
Stlth   +++          C - ring of flight
HPRegen 0.39/turn    J - ring of Ytuawnam {Ice +Blink Slay+4 Stlth+}
MPRegen 0.56/turn

%: no teleportation, slow self (1%)
@: heroic, flying, drained
A: large, unfitting armour, horns 1, tough skin 1, double potion healing,
drunken brawling
a: Renounce Religion, Evoke Blink, Heroism, Finesse


You were in a Gauntlet.
You worshipped Okawaru.
Okawaru was greatly pleased with you.
You visited 2 branches of the dungeon, and saw 12 of its levels.
You also visited: Ossuary and Gauntlet.

You collected 1060 gold pieces.
You spent 39 gold pieces at shops.

Inventory:

Hand Weapons
 a - a +1 flail of freezing (weapon)
 o - a +1 hammer of distortion
 y - a +0 flail
 I - a +0 giant spiked club
Missiles
 e - 2 large rocks (quivered)
 j - a boomerang
 k - 24 poisoned darts
 u - 6 throwing nets
 v - 5 javelins
Armour
 b - a +0 robe
 c - a +0 hat
 r - the +1 hat of Deticw (worn) {*Slow rPois rF+ Will+}
   (You found it in a Gauntlet)

   rF+:       It protects you from fire.
   rPois:     It protects you from poison Will+: It increases your willpower.
   *Slow:     It may slow you when you take damage.
 x - a +0 cloak (worn)
 z - a +1 hat
 K - a scarf of shadows
 L - +0 acid dragon scales (worn)
Jewellery
 A - an amulet of magic regeneration (around neck)
 C - a ring of flight (left hand)
 G - a ring of magical power
 J - the ring of Ytuawnam (right hand) {Ice +Blink Slay+4 Stlth+}
   (You found it on level 9 of the Dungeon)

   [ring of ice]

   Ice:       It enhances your ice magic.
   Slay+4:    It affects your accuracy & damage with ranged weapons and melee
   (+4).
   rF-:       It makes you vulnerable to fire.
   rC+:       It protects you from cold.
   +Blink:    It lets you blink.
   Stlth+:    It makes you more stealthy.
Wands
 E - a wand of paralysis (7)
 M - a wand of flame (13)
Scrolls
 p - 2 scrolls of fear
 t - 2 scrolls of teleportation
 F - a scroll of enchant weapon
Potions
 d - 2 potions of might
 f - 2 potions of cancellation {unknown}
 g - a potion of enlightenment
 h - 2 potions of haste
 i - 3 potions of ambrosia
 l - 3 potions of attraction
 m - a potion of berserk rage
 n - 2 potions of resistance
 q - 5 potions of curing
 s - 3 potions of brilliance
 w - a potion of invisibility {unknown}
 B - 3 potions of degeneration
 D - 3 potions of lignification
 H - 2 potions of mutation


   Skills:
 + Level 11.5(16.5) Fighting
 * Level 12.6(17.6) Maces & Flails
 + Level 9.0(14.0) Throwing
 * Level 1.4(6.4) Armour
 - Level 2.6(7.6) Dodging
 + Level 9.1 Invocations


You had 11 spell levels left.
You didn't know any spells.
Your spell library contained the following spells:

 Spells                   Type           Power      Damage    Failure   Level
 Freeze                   Ice            0%         1d3       43%         1
 Frozen Ramparts          Ice            0%         1d1       82%         3
 Hailstorm                Conj/Ice       0%         3d5       82%         3
 Inner Flame              Hex/Fire       0%         N/A       82%         3
 Stone Arrow              Conj/Erth      0%         3d7       82%         3
 Volatile Blastmotes      Fire/Tloc      0%         2d10      82%         3
 Fulminant Prism          Conj/Alch      0%         3d5       99%         4
 Iskenderun's Mystic Bla  Conj/Tloc      0%         2d3       99%         4
 Manifold Assault         Tloc           0%         N/A       99%         4
 Irradiate                Conj/Alch      0%         3d11      100%        5
 Dispersal                Tloc           0%         N/A       100%        6
 Disjunction              Tloc           0%         N/A       100%        8
 Ignition                 Fire           0%         3d3       100%        8
 Lehudib's Crystal Spear  Conj/Erth      0%         10d2      100%        8
 Animate Armour           Summ/Erth      Unusable   N/A       N/A         4

Dungeon Overview and Level Annotations

Branches:
Dungeon (11/15) Zot: 26942  Temple (1/1) D:5 Zot: 5977    Lair (0/5) D:10
    Orc (0/2) D:11        Ossuary (visited)         Gauntlet (1/1) Zot: 5258

Altars:
Ashenzari
Cheibriados
Dithmenos
Elyvilon
Fedhas
Gozag
Hepliaklqana
Kikubaaqudgha
Makhleb
Nemelex Xobeh
Okawaru
Qazlal
Ru
Sif Muna
Trog
Uskayaw
Vehumet
Wu Jian
Xom
Yredelemnul
Zin
The Shining One
Lugonu

Shops:
D:2 !   D:3 *

Annotations:
D:2 1 runed translucent door, Crazy Yiuf Gauntlet 12 transporters


Innate Abilities, Weirdness & Mutations

You are too large for most types of armour.
You have a pair of small horns on your head.
You have tough skin. (AC +1)
You gain doubled healing and magic from potions.
Whenever you drink a healing potion, you attack all around you.


Message History

You are engulfed in seething chaos.
You are engulfed in seething chaos.
You feel yourself speed up.
There is a transporter landing site here.
You are engulfed in seething chaos.
You see here a scroll of amnesia.
You see here the +1 hat of Deticw {*Slow rPois rF+ Will+}.
r - the +1 hat of Deticw {*Slow rPois rF+ Will+}
There is a transporter here.
w - a pink potion You start removing your armour.
You continue taking off your +1 hat. x4
You finish taking off your +1 hat.
You start putting on your armour.
You continue putting on the +1 hat of Deticw {*Slow rPois rF+ Will+}. x5
You finish putting on the +1 hat of Deticw {*Slow rPois rF+ Will+}.
There is a transporter here.
You enter the transporter and appear at another place.
Your extra speed is starting to run out.
Your hands slow down.
You feel yourself slow down.
You reach down and open the door.
A minotaur comes into view.
It is wielding the +8 arbalest "Uclif" {elec, Str+6 Dex-5}, wearing the +3 crystal plate armour of the Everdark {^Contam rElec rC+++ Will-} and quivering silver javelins.
Found four items.
You gain the combat prowess of a mighty hero.
The minotaur bellows!
The minotaur shoots a bolt.
The bolt hits you!
You are electrocuted!
Throw: 4 large rocks
Press: ? - help, Q - select action, (/) - cycle Shift-Dir - straight line, f - minotaur
Aim: a minotaur, wielding the +8 arbalest "Uclif" {elec, Str+6 Dex-5}, wearing the +3 crystal plate armour of the Everdark {^Contam rElec rC+++ Will-} and quivering silver javelins (82% to hit)
You throw a large rock.
The large rock barely misses the minotaur.
The minotaur shoots a bolt.
The bolt hits you!!
You are electrocuted!
Throw: 3 large rocks
Press: ? - help, Q - select action, (/) - cycle Shift-Dir - straight line, f/p - minotaur
Aim: a minotaur, wielding the +8 arbalest "Uclif" {elec, Str+6 Dex-5}, wearing the +3 crystal plate armour of the Everdark {^Contam rElec rC+++ Will-} and quivering silver javelins (82% to hit)
You throw a large rock. The large rock hits the minotaur!!
The minotaur is heavily wounded.
The minotaur shoots a bolt.
The bolt hits you!!
You are electrocuted!
* * * LOW HITPOINT WARNING * * *
The minotaur shoots a bolt.
The bolt hits you!!!
You die...

#)([# #8H8# ####[.[####
###8.#8.8#.8### #....#...#....#
#.#..#8.8#..#.# #.#..##'##..#.#
#.....@.......# #.#.##.#.##.#.#
#.#....#....#.#
###.#.#######.#.###
#≈...............≈# ###
####8..©.©.©.©.©.©..8#### ## #8#
#8##≈...............≈##8# #8
#################################
................≈∩≈..............


You could see a minotaur.

Vanquished Creatures
  3 two-headed ogres
  A sun demon (D:9)
  A sixfirhy (D:9)
  A smoke demon (D:9)
  An apocalypse crab (Gauntlet)
  Maggie (D:6)
  A troll (D:6)
  A hellwing (D:9)
  A hornet (D:9)
  A ynoxinul (D:9)
  4 wyverns
  24 yaks
  Menkaure (D:4)
  2 swamp worms (Gauntlet)
  An acid dragon (D:10)
  4 water moccasins
  2 ice beasts
  7 black bears
  A sky beast (D:6)
  2 orc warriors
  3 laughing skulls (Gauntlet)
  An ogre (D:6)
  5 centaurs
  A kobold brigand (D:8)
  A brain worm (D:4)
  5 bullfrogs
  A gnoll sergeant (D:8)
  A scorpion (D:6)
  3 wights (D:10)
  7 killer bees
  A crimson imp (D:6)
  2 quasits (D:9)
  2 hounds
  2 jellies (D:7)
  4 orc priests
  A sleepcap (D:4)
  5 iguanas
  6 orc wizards
  9 mummies
  8 gnolls
  5 adders
  3 white imps
  4 dart slugs
  A ribbon worm (D:2)
  19 orcs
  5 endoplasms
  A giant cockroach (D:4)
  6 goblins
  6 hobgoblins
  7 jackals
  5 ball pythons
  6 bats
  2 hobgoblin zombies (Ossuary)
  12 kobolds
  A kobold zombie (Ossuary)
  5 orc zombies (Ossuary)
  8 rats
224 creatures vanquished.

Vanquished Creatures (others)
  An arcanist (D:10)
1 creature vanquished.

Grand Total: 225 creatures vanquished

Notes
Turn   | Place    | Note
-------+----------+-------------------------------------------
     0 | D:1      | dorian the Oni Gladiator began the quest for the Orb.
     0 | D:1      | Reached XP level 1. HP: 22/22 MP: 1/1
   261 | D:1      | Reached XP level 2. HP: 29/29 MP: 2/2
   813 | D:2      | Reached XP level 3. HP: 30/37 MP: 3/3
   863 | D:2      | Found Fyscheer's Distillery.
   871 | D:2      | Bought a potion of curing for 39 gold pieces
  1591 | D:2      | Found a runed translucent door.
  1592 | D:2      | Noticed Crazy Yiuf
  1922 | D:3      | Found a hide-covered altar of Uskayaw.
  2003 | D:3      | Reached skill level 4 in Maces & Flails
  2003 | D:3      | Reached XP level 4. HP: 45/48 MP: 4/4
  2325 | D:3      | Found Porim's Assorted Antiques.
  2357 | D:3      | Noticed a shining eye
  2359 | D:3      | Found a faded altar of an unknown god.
  2360 | D:3      | Noticed a shining eye
  2360 | D:3      | Noticed an eye of devastation
  2360 | D:3      | Noticed a glass eye
  2675 | D:4      | Found a shimmering altar of Xom.
  2675 | D:4      | Noticed a brain worm
  2688 | D:4      | Found a sand-covered staircase.
  2697 | Ossuary  | Entered an ossuary
  2846 | Ossuary  | Reached XP level 5. HP: 54/54 MP: 5/5
  3118 | D:4      | Reached skill level 5 in Maces & Flails
  3118 | D:4      | Reached XP level 6. HP: 54/63 MP: 4/6
  3211 | D:4      | Noticed a black bear
  3217 | D:4      | Killed a black bear
  3218 | D:4      | Reached skill level 5 in Fighting
  3352 | D:4      | Reached XP level 7. HP: 57/72 MP: 7/7
  3438 | D:4      | Noticed Menkaure
  3450 | D:4      | Killed Menkaure
  3451 | D:4      | Reached skill level 6 in Maces & Flails
  3764 | D:4      | Found a white marble altar of Elyvilon.
  4065 | D:5      | Entered Level 5 of the Dungeon
  4276 | D:5      | Found a staircase to the Ecumenical Temple.
  4285 | Temple   | Entered the Ecumenical Temple
  4296 | Temple   | Became a worshipper of Warmaster Okawaru
  4395 | D:5      | Found an ancient bone altar of Kikubaaqudgha.
  4570 | D:5      | Reached skill level 1 in Invocations
  4578 | D:5      | Reached XP level 8. HP: 83/83 MP: 7/9
  4596 | D:5      | Found a blossoming altar of Fedhas.
  4807 | D:5      | Reached skill level 7 in Maces & Flails
  4995 | D:5      | Noticed a yak
  4997 | D:5      | Noticed a yak
  4999 | D:5      | Noticed a yak
  5001 | D:5      | Killed a yak
  5001 | D:5      | Reached * piety under Okawaru
  5002 | D:5      | Reached skill level 5 in Throwing
  5004 | D:5      | Noticed a yak
  5011 | D:5      | Killed a yak
  5022 | D:5      | Killed a yak
  5025 | D:5      | Killed a yak
  5383 | D:5      | Reached skill level 8 in Maces & Flails
  5572 | D:6      | Noticed a troll
  5586 | D:6      | Killed a troll
  5587 | D:6      | Reached XP level 9. HP: 62/93 MP: 10/12
  5589 | D:6      | Reached ** piety under Okawaru
  5839 | D:6      | Found a shadowy altar of Dithmenos.
  5960 | D:6      | Found a sparkling altar of Nemelex Xobeh.
  6097 | D:6      | Noticed Maggie
  6110 | D:6      | Killed Maggie
  6499 | D:6      | Reached skill level 9 in Maces & Flails
  6499 | D:6      | Reached skill level 5 in Invocations
  7329 | D:7      | Reached *** piety under Okawaru
  7915 | D:7      | Reached XP level 10. HP: 106/106 MP: 14/14
  8247 | D:8      | Noticed a two-headed ogre
  8251 | D:8      | Killed a two-headed ogre
  8252 | D:8      | Reached skill level 10 in Maces & Flails
  8296 | D:8      | Noticed a two-headed ogre
  8303 | D:8      | Killed a two-headed ogre
  8541 | D:8      | Found a glowing golden altar of the Shining One.
  8551 | D:8      | Found a broken altar of Ashenzari.
  8567 | D:8      | Found a glowing silver altar of Zin.
  8583 | D:8      | Reached **** piety under Okawaru
  9375 | D:9      | Identified the ring of Ytuawnam {Ice +Blink Slay+4 Stlth+}
  9405 | D:9      | Noticed a sixfirhy
  9407 | D:9      | Noticed a smoke demon
  9411 | D:9      | Killed a sixfirhy
  9415 | D:9      | Killed a smoke demon
  9416 | D:9      | Reached skill level 10 in Fighting
  9464 | D:9      | Noticed a sun demon
  9475 | D:9      | Killed a sun demon
  9476 | D:9      | Reached skill level 11 in Maces & Flails
  9498 | D:9      | Reached XP level 11. HP: 56/118 MP: 16/16
  9669 | D:9      | Found a burning altar of Makhleb.
  9867 | D:8      | Found a stormy altar of Qazlal.
  9867 | D:8      | Found an ornate altar of the Wu Jian Council.
 11344 | D:10     | Entered Level 10 of the Dungeon
 11490 | D:10     | Reached ***** piety under Okawaru
 11506 | D:10     | Reached skill level 12 in Maces & Flails
 11949 | D:10     | Received a gift from Okawaru
 12060 | D:10     | Found a bloodstained altar of Trog.
 12175 | D:10     | Noticed a two-headed ogre
 12182 | D:10     | Killed a two-headed ogre
 12373 | D:10     | Found a staircase to the Lair.
 12447 | D:10     | Noticed a wizard
 12453 | D:10     | Killed a wizard
 12735 | D:10     | Found a radiant altar of Vehumet.
 12909 | D:11     | Found a gate leading to a gauntlet.
 12913 | Gauntlet | Entered a Gauntlet
 12913 | Gauntlet | Found a transporter.
 12921 | Gauntlet | Found a transporter.
 12923 | Gauntlet | Found a transporter.
 12925 | Gauntlet | Found a transporter.
 12930 | Gauntlet | Noticed a shining eye
 12948 | Gauntlet | Found a transporter.
 12957 | Gauntlet | Found a transporter.
 12960 | Gauntlet | Noticed a glowing orange brain
 12961 | Gauntlet | Noticed a green ugly thing
 12962 | Gauntlet | Found a transporter.
 12964 | Gauntlet | Noticed a glowing orange brain
 12977 | Gauntlet | Found a transporter.
 12992 | Gauntlet | Noticed a sixfirhy
 12992 | Gauntlet | Noticed a sixfirhy
 12996 | Gauntlet | Found a transporter.
 12996 | Gauntlet | Noticed a sixfirhy
 12998 | Gauntlet | Noticed a sixfirhy
 13004 | Gauntlet | Noticed a catoblepas
 13005 | Gauntlet | Found a transporter.
 13020 | Gauntlet | Found a transporter.
 13028 | Gauntlet | Noticed a death yak
 13028 | Gauntlet | Noticed a death yak
 13028 | Gauntlet | Noticed a death yak
 13028 | Gauntlet | Noticed a death yak
 13029 | Gauntlet | Noticed a death yak
 13030 | Gauntlet | Noticed a death yak
 13030 | Gauntlet | Noticed a necromancer
 13032 | Gauntlet | Found a transporter.
 13038 | Gauntlet | Found a transporter.
 13038 | Gauntlet | Found a transporter.
 13040 | Gauntlet | Found a transporter.
 13063 | Gauntlet | Found a transporter.
 13074 | Gauntlet | Noticed a moth of wrath
 13154 | Gauntlet | Found a transporter.
 13193 | Gauntlet | Found a transporter.
 13346 | Gauntlet | Reached skill level 1 in Armour
 13356 | Gauntlet | Reached XP level 12. HP: 27/114 MP: 18/18
 13629 | Gauntlet | Identified the +1 hat of Deticw {*Slow rPois rF+ Will+}
 13669 | Gauntlet | Identified the +8 arbalest "Uclif" {elec, Str+6 Dex-5}
 13669 | Gauntlet | Identified the +3 crystal plate armour of the Everdark
                  | {^Contam rElec rC+++ Will-}
 13669 | Gauntlet | Noticed a minotaur
 13673 | Gauntlet | Shot with a bolt by a minotaur

Illustrated notes

Levels and vault maps discovered:
D:1:      nzn_arrival_depleted_hourglass, layout_loops_ring,
          grunt_decor_fettered, minivault_25
D:2:      layout_loops_ring, serial_shops, shop, uniq_crazy_yiuf_cottage
D:3:      layout_basic, amcnicky_altar_gilded, serial_shops,
          nicolae_shop_crystal, hellmonk_ecumenical_altar_watching_god
D:4:      layout_loops_ring, xom_butterflies, nicolae_elyvilon_temple_path,
          gup_ossuary_entry_pyramid, minmay_liquid_box, uniq_menkaure
D:5:      layout_loops_ring, old_standard_altar, lemuel_doored_altar,
          minmay_temple_entry_waves, grunt_decor_one_mirror,
          kennysheep_cluttered_room, st_stairs_8
D:6:      layout_basic, nicolae_dithmenos_shadow_blocks,
          mainiacjoe_overflow_boulevard, minmay_fire_ice_demons, uniq_maggie
D:7:      layout_gridville
D:8:      layout_loops_ring, kennysheep_mini, nicolae_overflow_crystal_walls,
          kennysheep_little_box, nicolae_overflow_hidden_temple
D:9:      layout_basic, mainiacjoe_overflow_chevrons, serial_demonic,
          serial_demonic_d, serial_demonic_e, serial_demonic_d,
          serial_demonic_b, serial_demonic_g, serial_demonic_e
D:10:     layout_long_grid, fiery_altar_vehumet, trog_wizard,
          due_lair_maze_entry_diamond
D:11:     layout_irregular_city, david_orc_1_choice, gauntlet_entry_generic,
          serial_shops, nicolae_shop_tiny_glass, nicolae_shop_tiny_glass,
          regret_index_xom_of_box
Temple:   corrupted_temple
Gauntlet: gammafunk_gauntlet_one_two_three [gammafunk_gauntlet_arena_corners,
          nicolae_gauntlet_arena_t_cross, nicolae_gauntlet_arena_grate_2,
          gammafunk_gauntlet_arena_mazey, gammafunk_gauntlet_arena_grid,
          nicolae_gauntlet_arena_blocks, gammafunk_gauntlet_arena_spirals,
          gammafunk_gauntlet_arena_split_x, nicolae_gauntlet_arena_flowing_pool,
          nicolae_gauntlet_exit_dead_adventurers]

Skill      XL: |  1  2  3  4  5  6  7  8  9 10 11 |
---------------+----------------------------------+-----
Fighting       | 3 4 5 6 7 8 10 11 | 11.5
Maces & Flails | 4 5 6 8 9 11 12 | 12.6
Throwing       | 3 4 5 6 7 9 |  9.0
Invocations    | 1 4 5 7 9 |  9.1
Armour         | 1 |  1.4
Dodging        | |  2.6

Action                     |  1- 3 |  4- 6 |  7- 9 | 10-12 || total
---------------------------+-------+-------+-------+-------++-------
  Melee: Flail             |   119 |    92 |   192 |   269 ||   672
         Headbutt          |    18 |    13 |    37 |    54 ||   122
         Punch             |       |       |     5 |     7 ||    12
  Throw: Boomerang         |       |    42 |    43 |    52 ||   137
         Dart              |       |       |       |     4 ||     4
         Javelin           |       |       |       |     3 ||     3
         Large rock        |       |       |       |     2 ||     2
 Invoke: Heroism           |       |       |     1 |     9 ||    10
         Finesse           |       |       |       |     2 ||     2
    Use: Scroll            |     6 |     8 |     3 |     9 ||    26
         Potion            |       |     2 |     5 |     2 ||     9
 Armour: Robe              |    91 |    69 |   125 |   192 ||   477
         Skin              |       |       |       |    28 ||    28
         Acid dragon scale |       |       |       |    32 ||    32
  Dodge: Dodged            |    60 |    41 |    92 |   163 ||   356
